AoeStats
← j0w1_69

Arabia

510610785Analyzed
2v2 RM · 1d ago on Oct 1, 2026· 45m 55s· 4 players
Game mode
Random Map
Map size
Medium (4 player)
Population
200
Speed
Normal
Resources
Standard
Victory
Conquest
Starting age
Dark Age
Ending age
Imperial Age
RankedLock teamsTeams togetherTeam positionsShared explorationLock speedFull tech treeHidden civsTurbo modeCheats
Victory
Defeat
🇵🇪 Inca · Peru
722
+14
🇧🇷 Japanese · Brazil
639
+18
🇪🇸 Burgundians · Spain
685
-16
🇪🇸 Slavs · Spain
671
-16
j0w1_69
0:51 Loom
12:12 Feudal Age
14:05 Feudal Age
15:04 Double-Bit Axe
15:01 Horse Collar
16:02 Man-at-Arms
18:59 Wheelbarrow
23:33 Forging
23:24 Scale Mail Armor
23:39 Bloodlines
25:26 Scale Barding Armor
27:44 Castle Age
28:58 Husbandry
28:19 Light Cavalry
30:25 Iron Casting
30:06 Chain Mail Armor
31:27 Pikeman
31:30 Long Swordsman
36:42 Chain Barding Armor
41:39 Fletching
42:18 Padded Archer Armor
46:21 Leather Archer Armor
46:01 Bodkin Arrow
aleixmn8.s
0:26 Loom
9:32 Wheelbarrow
8:46 Double-Bit Axe
12:34 Feudal Age
17:49 Forging
18:30 Scale Barding Armor
23:15 Castle Age
24:38 Bow Saw
25:44 Iron Casting
24:32 Light Cavalry
25:38 Hand Cart
26:21 Husbandry
26:44 Chain Barding Armor
26:05 Crossbowman
28:40 Stone Mining
28:42 Gold Mining
28:34 Horse Collar
29:55 Two-Man Saw
31:22 Town Watch
34:02 Burgundian Vineyards
36:42 Gold Shaft Mining
LyamNoelenze12
11:41 Feudal Age
12:59 Wheelbarrow
11:53 Champi Runner
12:17 Horse Collar
12:49 Double-Bit Axe
14:07 Arson
17:12 Gold Mining
17:53 Stone Mining
19:16 Forging
19:06 Scale Mail Armor
28:11 Padded Archer Armor
31:56 Castle Age
31:34 Fletching
33:14 Hand Cart
35:55 Squires
36:52 Pikeman
40:58 Chain Mail Armor
41:18 Iron Casting
44:15 Heavy Plow
45:12 Bodkin Arrow
45:32 Leather Archer Armor
TANGO
10:37 Feudal Age
12:43 Double-Bit Axe
14:43 Wheelbarrow
16:46 Castle Age
18:25 Pikeman
21:16 Squires
25:08 Forging
24:59 Scale Mail Armor
25:25 Gambesons
29:07 Iron Casting
28:47 Chain Mail Armor
28:38 Loom
33:35 Wheelbarrow
41:16 Imperial Age
38:53 Arson
41:28 Elite Samurai
41:34 Elite Samurai
42:35 Conscription
43:49 Hand Cart
43:36 Stone Mining
43:41 Gold Mining
Connection lost

Rejoining the realm…

Still unreachable

The connection could not be restored.

Session expired

The server has moved on; the page needs a fresh start.